Unix NetHack Version 5.0.0-0 post-release - last build Jun 10 2026 00:39:30 (3ee93aec679c4c4259841fe613dc97188e26a321,branch:main).

Game began 2026-06-13 17:38:51, ended 2026-06-13 17:47:39.

Brudee, chaotic female human Rogue

 --.-
 |..0----------------......  .--
 |.......................^.....|
 |.-----------------------..)..|
 |.|                     -...--
 |.|                    ..@.--
--.---------            ...--
|..........-            ....
--..----....
   ---  ....-
   |..|  --..|
   -..#-  |..--
---....#----....-
|.......#.|.......  ...
|............[-....--[...|
--.........##----.......<|
 |.........|   --.....----
 ----.....--   |...
       .---    --.-
                ---
Brudee the Cutpurse     St:9 Dx:18 Co:15 In:12 Wi:13 Ch:9  Chaotic S:519
Dlvl:5  $:15 HP:0(26) Pw:6(6) AC:5  Xp:3/71 T:1034 

Latest messages:
 You finish eating the lichen corpse.
 What do you want to drink? [dkqvy or ?*] ?
 You are suddenly moving much faster.
 Your quickness feels very natural.
 What do you want to drink? [dkvy or ?*] ?
 You feel better.
 You can see again.
 You feel cured.  What a relief!
 You see here a blue gem.
 E - a blue gem.
 The dwarf swings his broad pick.
 The dwarf misses!
 In what direction? j
 You throw 2 daggers.
 The 1st dagger hits the dwarf.
 The 2nd dagger hits the dwarf.
 In what direction? j
 The dagger hits the dwarf.
 You kill the dwarf!
 Welcome to experience level 3.
 i - 3 +0 daggers (at the ready) (6 in total).
 There are several more objects here.
 F - a hard hat.
 G - a broad short sword.
 What do you want to wield? [- abirDG or ?*] G
 The broad short sword welds itself to your dominant right hand!
 There is a dwarf corpse here; eat it? [ynq] (n) y
 This dwarf corpse is stringy.
 You finish eating the dwarf corpse.
 With great effort you move the boulder.
 An arrow shoots out at you!
 You are hit by an arrow!
 You hit the gnome lord.
 You kill the gnome lord!
 You hit the dwarf.
 The dwarf thrusts her dagger.
 The dwarf hits!
 In what direction? b
 The dagger hits it.
 A dagger misses you.
 You kill the dwarf!
 There is a dwarf corpse here; eat it? [ynq] (n) y
 This dwarf corpse is fatty.
 You are hit by an arrow!
 You stop eating the dwarf corpse.
 i - a +0 dagger (at the ready) (6 in total).
 You are hit by an arrow!
 You die...
 Do you want your possessions identified? [ynq] (y) y
 Do you want to see your attributes? [ynq] (y) q

Inventory:
 Coins    ('$')
  $ - 15 gold pieces
 Weapons  (')')
  b - a +0 dagger (alternate weapon; not wielded)
  i - 6 +0 daggers (at the ready)
  D - a blessed +0 orcish dagger
  r - a +0 orcish dagger
  G - a cursed +0 dwarvish short sword (weapon in right hand)
  a - a +0 short sword
 Armor    ('[')
  F - an uncursed +0 dwarvish iron helm
  x - a cursed +0 elven mithril-coat (being worn)
 Comestibles  ('%')
  g - an uncursed slime mold
  p - an uncursed banana
  n - 2 uncursed lembas wafers
  l - an uncursed egg
 Scrolls  ('?')
  t - an uncursed scroll of destroy armor
  j - an uncursed scroll of identify
 Potions  ('!')
  y - a blessed potion of healing
  k - an uncursed potion of healing
  d - an uncursed potion of sickness
  v - an uncursed potion of water
 Wands    ('/')
  u - a wand of cold (0:6)
  B - a blessed wand of sleep (0:7)
  o - a wand of wishing (0:1)
 Tools    ('(')
  A - an empty uncursed bag of holding
  f - an empty uncursed sack
  h - an uncursed blindfold
  e - an uncursed lock pick
  z - an uncursed tin whistle
 Gems/Stones  ('*')
  C - an uncursed agate stone
  E - an uncursed worthless piece of blue glass

Brudee the Rogue's attributes:

Background:
 You were a Cutpurse, a level 3 female human Rogue.
 You were chaotic, nominally on a mission for Kos
 who was opposed by Issek (lawful) and Mog (neutral).
 You were right-handed.
 You were in the Gnomish Mines, on level 5.
 You entered the dungeon 1034 turns ago.
 You had 71 experience points, 9 more were needed to attain level 4.
 Your score was 519 before end-of-game adjustments.

Basics:
 You had 0 out of 26 hit points.
 You had all 6 energy points (spell power).
 Your armor class was 5.
 Your wallet contained 15 zorkmids.
 Autopickup was on for '$!=+?/"' plus thrown.

Final Characteristics:
 Your strength was 9 (limit:18/100).
 Your dexterity was 18 (limit:18).
 Your constitution was 15 (limit:18).
 Your intelligence was 12 (limit:18).
 Your wisdom was 13 (limit:18).
 Your charisma was 9 (limit:18).

Final Status:
 You weren't hungry.
 You were unencumbered.
 You were wielding a short sword.
 You had basic skill with short sword.

Final Attributes:
 You were devoutly aligned.
 You were stealthy.
 You were guarded.
 You were very fast.
 You are dead.

Miscellaneous:
 You didn't encounter any bones levels.
 Total elapsed playing time was 8 minutes and 47 seconds.

Major events:
 Turn
    1: Brudee the chaotic female human Rogue entered the dungeon
  914: entered the Gnomish Mines
  942: attained the rank of Cutpurse (level 3)
 1034: killed by an arrow

You didn't know any spells.

Skills:
 Fighting Skills
   bare handed combat [Unskilled]
   two weapon combat  [Unskilled]
   riding             [Unskilled]
 Weapon Skills
   dagger             [Basic]
   knife              [Unskilled]
   short sword        [Basic]
   broadsword         [Unskilled]
   long sword         [Unskilled]
   two-handed sword   [Unskilled]
   saber              [Unskilled]
   club               [Unskilled]
   mace               [Unskilled]
   morning star       [Unskilled]
   flail              [Unskilled]
   hammer             [Unskilled]
   polearms           [Unskilled]
   spear              [Unskilled]
   crossbow           [Unskilled]
   dart               [Unskilled]
   shuriken           [Unskilled]
 Spellcasting Skills
   divination spells  [Unskilled]
   escape spells      [Unskilled]
   matter spells      [Unskilled]

Voluntary challenges:
 Character rerolling was not enabled.
 You were an atheist.
 You were illiterate.
 You never genocided any monsters.
 You never polymorphed an object.
 You never changed form.
 You used no wishes.
Achievements:
 You entered a shop.
 You entered the Gnomish Mines.
 You attained the rank of Cutpurse.

 The Dungeons of Doom: levels 1 to 4
    Level 1:
    Level 2:
       A general store, some fountains.
    Level 3:
       A potion shop.
    Level 4:
       Stairs down to The Gnomish Mines.
 The Gnomish Mines:
    Level 5: <- You were here.
       Final resting place for
          you, killed by an arrow.


Vanquished creatures:
  a gnome leader
  2 dwarves
  a hobgoblin
  2 gnomes
  a gecko
  2 foxes
  a goblin
  2 sewer rats
  3 grid bugs
  a lichen
  3 newts
19 creatures vanquished.

No species were genocided or became extinct.

Game over:
                       ----------
                      /          \
                     /    REST    \
                    /      IN      \
                   /     PEACE      \
                  /                  \
                  |      Brudee      |
                  |      15 Au       |
                  |   killed by an   |
                  |      arrow       |
                  |                  |
                  |                  |
                  |       2026       |
                 *|     *  *  *      | *
        _________)/\\_//(\/(/\)/\//\/|_)_______

Goodbye Brudee the Rogue...

You died in The Gnomish Mines on dungeon level 5 with 518 points,
and 15 pieces of gold, after 1034 moves.
You were level 3 with a maximum of 26 hit points when you died.

